| TOP OF THE 1ST |
|
Lakeland Pilots batting - Pitching for Miami Whales : LHP Xavier Pickhills
|
|
Pitching: LHP Xavier Pickhills
|
|
|
Batting: RHB Nick Capra
|
0-0: Called Strike 0-1: Ball 1-1: Ball 2-1: Foul Ball, location: 2F 2-2: Fly out, F8 (Flyball, 89S, EV 95.0 MPH)
|
|
Batting: RHB Dave C Anderson
|
0-0: Called Strike 0-1: Ground out 4-3 (Groundball, 4M, EV 88.8 MPH)
|
|
Batting: SHB Mike D Young
|
0-0: Called Strike 0-1: Ball 1-1: Foul Ball, location: 2F 1-2: Ball 2-2: Ball 3-2: Ground out 4-3 (Groundball, 4, EV 97.5 MPH)
|
| Top of the 1st over - 0 runs, 0 hits, 0 errors, 0 left on base; Lakeland 0 - Miami 0 |
| BOTTOM OF THE 1ST |
|
Miami Whales batting - Pitching for Lakeland Pilots : RHP Emilio Bejar
|
|
Pitching: RHP Emilio Bejar
|
|
|
Batting: SHB Ramon Alcantara
|
0-0: Called Strike 0-1: Swinging Strike 0-2: Ball 1-2: Strikes out looking
|
|
Batting: RHB Donald Hubbard
|
0-0: Fly out, F9 (Flyball, 9, EV 83.8 MPH)
|
|
Batting: RHB Tom Grant
|
0-0: Ball 1-0: Foul Ball, location: 2F 1-1: Ball 2-1: Called Strike 2-2: Ball 3-2: Base on Balls
|
|
Batting: LHB Lorenzo Bundy
|
0-0: Ball 1-0: Ball 2-0: Ground out 4-3 (Groundball, 4S, EV 63.8 MPH)
|
| Bottom of the 1st over - 0 runs, 0 hits, 0 errors, 1 left on base; Lakeland 0 - Miami 0 |
| TOP OF THE 2ND |
|
Lakeland Pilots batting - Pitching for Miami Whales : LHP Xavier Pickhills
|
|
Batting: LHB Mike Laga
|
0-0: Fly out, F9 (Flyball, 89D, EV 90.6 MPH)
|
|
Batting: RHB Joseph Scherger
|
0-0: Ball 1-0: Fly out, F9 (Line Drive, 9D, EV 89.4 MPH)
|
|
Batting: LHB Randy S Johnson
|
0-0: Swinging Strike 0-1: Foul Ball, location: 2F 0-2: Ball 1-2: Strikes out swinging
|
| Top of the 2nd over - 0 runs, 0 hits, 0 errors, 0 left on base; Lakeland 0 - Miami 0 |
| BOTTOM OF THE 2ND |
|
Miami Whales batting - Pitching for Lakeland Pilots : RHP Emilio Bejar
|
|
Batting: RHB Steve Benson
|
0-0: Foul Ball, location: 2F 0-1: Ball 1-1: Ball 2-1: Fly out, F8 (Flyball, 8RD, EV 100.6 MPH)
|
|
Batting: RHB Ramon Cardenas
|
0-0: Foul Ball, location: 2F 0-1: Called Strike 0-2: Hit by Pitch
|
|
Batting: RHB Patrick Rubino
|
0-0: Ball 1-0: Swinging Strike 1-1: Ball 2-1: Foul Ball, location: 2F 2-2: Ball 3-2: Fly out, F8 (Flyball, 8LS, EV 85.0 MPH)
|
|
Batting: SHB Philip Rossi
|
0-0: Ball 1-0: Ball 2-0: Called Strike 2-1: Ball 3-1: Ground out 4-3 (Groundball, 34, EV 100.6 MPH)
|
| Bottom of the 2nd over - 0 runs, 0 hits, 0 errors, 1 left on base; Lakeland 0 - Miami 0 |
| TOP OF THE 3RD |
|
Lakeland Pilots batting - Pitching for Miami Whales : LHP Xavier Pickhills
|
|
Batting: RHB Rusty Tillman
|
0-0: Ball 1-0: Ground out 4-3 (Groundball, 34, EV 102.5 MPH)
|
|
Batting: RHB Juan Espino
|
0-0: SINGLE (Groundball, 6MD, EV 97.5 MPH)
|
|
Batting: RHB Alex Sanchez
|
0-0: Ball 1-0: Called Strike 1-1: SINGLE (Line Drive, 7LS, EV 91.3 MPH) Juan Espino to second
|
|
Batting: RHB Nick Capra
|
0-0: Foul Ball, location: 2F 0-1: Ball 1-1: Foul Ball, location: 2F 1-2: Ball 2-2: Ball 3-2: Foul Ball, location: 2F 3-2: Foul Ball, location: 2F 3-2: TRIPLE (Line Drive, 9LD, EV 103.1 MPH) Juan Espino scores Alex Sanchez scores
|
|
Batting: RHB Dave C Anderson
|
0-0: Ball 1-0: Foul Ball, location: 2F 1-1: Foul Ball, location: 2F 1-2: Fly out, F7 (Flyball, 78D, EV 100.6 MPH) Runner from 3rd tags up, SCORES, no throw by LF
|
|
Batting: SHB Mike D Young
|
0-0: Called Strike 0-1: SINGLE (Groundball, P, EV 83.1 MPH) (infield hit)
|
|
Batting: LHB Mike Laga
|
0-0: Fly out, F5 (Popup, 56, EV 65.0 MPH)
|
| Top of the 3rd over - 3 runs, 4 hits, 0 errors, 1 left on base; Lakeland 3 - Miami 0 |
| BOTTOM OF THE 3RD |
|
Miami Whales batting - Pitching for Lakeland Pilots : RHP Emilio Bejar
|
|
Batting: RHB Jonathan Cordova
|
0-0: Ball 1-0: Foul Ball, location: 2F 1-1: Fly out, F2 (Popup, 23F, EV 83.8 MPH)
|
|
Batting: SHB Ramon Alcantara
|
0-0: Swinging Strike 0-1: Ground out 4-3 (Groundball, 4MS, EV 70.6 MPH)
|
|
Batting: RHB Donald Hubbard
|
0-0: Reached on error, E5 (Groundball, 56, EV 86.9 MPH)
|
|
Batting: RHB Tom Grant
|
0-0: Called Strike Donald Hubbard steals 2nd base (no throw) 0-1: Foul Ball, location: 2F 0-2: Ball 1-2: Ball 2-2: Strikes out swinging
|
| Bottom of the 3rd over - 0 runs, 0 hits, 1 error, 1 left on base; Lakeland 3 - Miami 0 |
| TOP OF THE 4TH |
|
Lakeland Pilots batting - Pitching for Miami Whales : LHP Xavier Pickhills
|
|
Batting: RHB Joseph Scherger
|
0-0: Ball 1-0: Fly out, F9 (Flyball, 89D, EV 99.4 MPH)
|
|
Batting: LHB Randy S Johnson
|
0-0: Called Strike 0-1: Called Strike 0-2: Ball 1-2: Strikes out swinging
|
|
Batting: RHB Rusty Tillman
|
0-0: Foul Ball, location: 2F 0-1: Foul Ball, location: 2F 0-2: Strikes out swinging
|
| Top of the 4th over - 0 runs, 0 hits, 0 errors, 0 left on base; Lakeland 3 - Miami 0 |
| BOTTOM OF THE 4TH |
|
Miami Whales batting - Pitching for Lakeland Pilots : RHP Emilio Bejar
|
|
Batting: LHB Lorenzo Bundy
|
0-0: Ball 1-0: Ball 2-0: Foul Ball, location: 2F 2-1: Fly out, F7 (Flyball, 78S, EV 86.9 MPH)
|
|
Batting: RHB Steve Benson
|
0-0: SOLO HOME RUN (Flyball, 78XD, EV 91.3 MPH), Distance : 418 ft
|
|
Batting: RHB Ramon Cardenas
|
0-0: Swinging Strike 0-1: Ball 1-1: Swinging Strike 1-2: Ball 2-2: SINGLE (Groundball, 4MD, EV 94.4 MPH)
|
|
Batting: RHB Patrick Rubino
|
0-0: Ball Ramon Cardenas steals 2nd base 1-0: Called Strike 1-1: Ball 2-1: Called Strike 2-2: Strikes out swinging
|
|
Batting: SHB Philip Rossi
|
0-0: Ground out 6-3 (Groundball, 6, EV 98.1 MPH)
|
| Bottom of the 4th over - 1 run, 2 hits, 0 errors, 1 left on base; Lakeland 3 - Miami 1 |
| TOP OF THE 5TH |
|
Lakeland Pilots batting - Pitching for Miami Whales : LHP Xavier Pickhills
|
|
Batting: RHB Juan Espino
|
0-0: Ground out 6-3 (Groundball, 6, EV 83.1 MPH)
|
|
Batting: RHB Alex Sanchez
|
0-0: Ground out 6-3 (Groundball, 6, EV 78.8 MPH)
|
|
Batting: RHB Nick Capra
|
0-0: Foul Ball, location: 2F 0-1: Swinging Strike 0-2: Ball 1-2: SINGLE (Groundball, 56D, EV 107.5 MPH)
|
|
Batting: RHB Dave C Anderson
|
0-0: Ball 1-0: Ball 2-0: Ball 3-0: Base on Balls Nick Capra to second
|
|
Batting: SHB Mike D Young
|
0-0: Called Strike 0-1: Ball 1-1: Ball 2-1: SINGLE (Groundball, 25, EV 61.9 MPH) (infield hit) Nick Capra to third Dave C Anderson to second
|
|
Batting: LHB Mike Laga
|
0-0: Ball 1-0: Ball 2-0: Fly out, F9 (Line Drive, 9D, EV 90.0 MPH)
|
| Top of the 5th over - 0 runs, 2 hits, 0 errors, 3 left on base; Lakeland 3 - Miami 1 |
| BOTTOM OF THE 5TH |
|
Miami Whales batting - Pitching for Lakeland Pilots : RHP Emilio Bejar
|
|
Batting: RHB Jonathan Cordova
|
0-0: Ball 1-0: Ball 2-0: Ball 3-0: Base on Balls
|
|
Batting: SHB Ramon Alcantara
|
0-0: Called Strike 0-1: Ball 1-1: Ball 2-1: Swinging Strike 2-2: Fielders Choice at 2nd, 4-6 (Groundball, 4, EV 100.6 MPH)
|
|
Batting: RHB Donald Hubbard
|
0-0: Ball 1-0: Called Strike 1-1: Ball Ramon Alcantara steals 2nd base 2-1: Ball Ramon Alcantara is caught stealing 3rd base 2-5 3-1: Ground out 5-3 (Groundball, 56, EV 80.6 MPH)
|
| Bottom of the 5th over - 0 runs, 0 hits, 0 errors, 0 left on base; Lakeland 3 - Miami 1 |
| TOP OF THE 6TH |
|
Lakeland Pilots batting - Pitching for Miami Whales : LHP Xavier Pickhills
|
|
Batting: RHB Joseph Scherger
|
0-0: Foul Ball, location: 2F 0-1: Ball 1-1: Foul Ball, location: 2F 1-2: Foul Ball, location: 2F 1-2: Ball 2-2: Foul Ball, location: 2F 2-2: Strikes out looking
|
|
Batting: LHB Randy S Johnson
|
0-0: Called Strike 0-1: Swinging Strike 0-2: Foul Ball, location: 2F 0-2: Strikes out looking
|
|
Batting: RHB Rusty Tillman
|
0-0: Ball 1-0: Ball 2-0: Fly out, F4 (Flyball, 34D, EV 86.3 MPH)
|
| Top of the 6th over - 0 runs, 0 hits, 0 errors, 0 left on base; Lakeland 3 - Miami 1 |
| BOTTOM OF THE 6TH |
|
Miami Whales batting - Pitching for Lakeland Pilots : RHP Emilio Bejar
|
|
Batting: RHB Tom Grant
|
0-0: Called Strike 0-1: Ball 1-1: Ball 2-1: Foul Ball, location: 2F 2-2: Fly out, F9 (Flyball, 9, EV 91.3 MPH)
|
|
Batting: LHB Lorenzo Bundy
|
0-0: SINGLE (Flyball, 8RS, EV 96.9 MPH)
|
|
Batting: RHB Steve Benson
|
0-0: Called Strike 0-1: Ball 1-1: Fly out, F8 (Flyball, 8RS, EV 89.4 MPH)
|
|
Batting: RHB Ramon Cardenas
|
0-0: Ball 1-0: Ground out 2-3 (Groundball, 13S, EV 65.6 MPH)
|
| Bottom of the 6th over - 0 runs, 1 hit, 0 errors, 1 left on base; Lakeland 3 - Miami 1 |
| TOP OF THE 7TH |
|
Lakeland Pilots batting - Pitching for Miami Whales : LHP Xavier Pickhills
|
|
Batting: RHB Juan Espino
|
0-0: Called Strike 0-1: Called Strike 0-2: SINGLE (Groundball, 6MD, EV 106.3 MPH)
|
|
Batting: RHB Alex Sanchez
|
0-0: Bunt missed! 0-1: Bunted foul 0-2: SINGLE (Line Drive, 9LS, EV 106.3 MPH) Juan Espino to second Runner from 2nd tries for 3rd, SAFE, throw by RF made to third
|
|
Batting: RHB Nick Capra
|
0-0: Grounds into double play, 4-6-3 (Groundball, 4M, EV 104.4 MPH) Juan Espino scores
|
|
Batting: RHB Dave C Anderson
|
0-0: Ball 1-0: Called Strike 1-1: Ball 2-1: Called Strike 2-2: Strikes out looking
|
| Top of the 7th over - 1 run, 2 hits, 0 errors, 0 left on base; Lakeland 4 - Miami 1 |
| BOTTOM OF THE 7TH |
|
Miami Whales batting - Pitching for Lakeland Pilots : RHP Emilio Bejar
|
|
Batting: RHB Patrick Rubino
|
0-0: Ball 1-0: Ground out 1-3 (Groundball, P, EV 67.5 MPH)
|
|
Batting: SHB Philip Rossi
|
0-0: Ball 1-0: Ball 2-0: Ground out 4-3 (Groundball, 4D, EV 102.5 MPH)
|
|
Batting: RHB Jonathan Cordova
|
0-0: Called Strike 0-1: Swinging Strike 0-2: Strikes out swinging
|
| Bottom of the 7th over - 0 runs, 0 hits, 0 errors, 0 left on base; Lakeland 4 - Miami 1 |
| TOP OF THE 8TH |
|
Lakeland Pilots batting - Pitching for Miami Whales : LHP Xavier Pickhills
|
|
Batting: SHB Mike D Young
|
0-0: Ball 1-0: Ball 2-0: Ball 3-0: Base on Balls
|
|
Batting: LHB Mike Laga
|
0-0: Called Strike 0-1: Swinging Strike 0-2: Ball 1-2: Foul Ball, location: 2F 1-2: Foul Ball, location: 2F 1-2: Foul Ball, location: 2F 1-2: Foul Ball, location: 2F 1-2: Ball Pickoff Throw to First - Error! E1 Mike D Young to second 2-2: Foul Ball, location: 2F 2-2: Ball 3-2: Foul Ball, location: 2F 3-2: Foul Ball, location: 2F 3-2: Ground out 5-3 (Groundball, 5, EV 94.4 MPH)
|
|
Batting: RHB Joseph Scherger
|
0-0: Intentional Walk
|
|
Batting: LHB Randy S Johnson
|
0-0: Ball 1-0: SINGLE (Groundball, 6D, EV 96.9 MPH) Mike D Young to third Joseph Scherger to second
|
|
Batting: RHB Rusty Tillman
|
0-0: Ball 1-0: Ball 2-0: Foul Ball, location: 2F 2-1: Swinging Strike 2-2: Fly out, F7 (Line Drive, 7, EV 98.1 MPH) Runner from 3rd tags up, SCORES, no throw by LF
|
|
Batting: RHB Juan Espino
|
0-0: Foul Ball, location: 2F 0-1: SINGLE (Line Drive, 7S, EV 101.3 MPH) Joseph Scherger to third Randy S Johnson to second Runner from 3rd tries for Home, SAFE, throw by LF to home Randy S Johnson to third Juan Espino to second
|
|
Pitching: RHP Michael Befort
|
|
|
Batting: RHB Alex Sanchez
|
0-0: Ball 1-0: Foul Ball, location: 2F 1-1: Ball 2-1: Fly out, F7 (Flyball, 78D, EV 103.1 MPH)
|
| Top of the 8th over - 2 runs, 2 hits, 1 error, 2 left on base; Lakeland 6 - Miami 1 |
| BOTTOM OF THE 8TH |
|
Miami Whales batting - Pitching for Lakeland Pilots : RHP Emilio Bejar
|
|
Batting: SHB Ramon Alcantara
|
0-0: Ball 1-0: Ball 2-0: Foul Ball, location: 2F 2-1: Ground out 6-3 (Groundball, 6, EV 99.4 MPH)
|
|
Batting: RHB Donald Hubbard
|
0-0: Called Strike 0-1: Ball 1-1: DOUBLE (Flyball, 8LXD, EV 98.8 MPH)
|
|
Batting: RHB Tom Grant
|
0-0: Ball 1-0: Foul Ball, location: 2F 1-1: Foul Ball, location: 2F 1-2: SINGLE (Line Drive, 8RS, EV 93.8 MPH) Donald Hubbard to third Runner from 3rd tries for Home, SAFE, throw by CF to home Tom Grant to second
|
|
Batting: LHB Lorenzo Bundy
|
0-0: Ball 1-0: Fly out, F8 (Line Drive, 8RD, EV 86.9 MPH) Runner from 2nd tags up, SAFE at 3rd with throw by CF
|
|
Batting: RHB Steve Benson
|
0-0: Ground out 4-3 (Groundball, 4MD, EV 91.9 MPH)
|
| Bottom of the 8th over - 1 run, 2 hits, 0 errors, 1 left on base; Lakeland 6 - Miami 2 |
| TOP OF THE 9TH |
|
Lakeland Pilots batting - Pitching for Miami Whales : RHP Michael Befort
|
|
Batting: RHB Nick Capra
|
0-0: Ball 1-0: Ball 2-0: Foul Ball, location: 2F 2-1: Fly out, F6 (Flyball, 5D, EV 71.9 MPH)
|
|
Batting: RHB Dave C Anderson
|
0-0: Called Strike 0-1: Ball 1-1: Foul Ball, location: 2F 1-2: Foul Ball, location: 2F 1-2: Fly out, F8 (Flyball, 8LM, EV 95.0 MPH)
|
|
Batting: SHB Mike D Young
|
0-0: Fly out, F7 (Flyball, 7LM, EV 93.1 MPH)
|
| Top of the 9th over - 0 runs, 0 hits, 0 errors, 0 left on base; Lakeland 6 - Miami 2 |
| BOTTOM OF THE 9TH |
|
Miami Whales batting - Pitching for Lakeland Pilots : RHP Emilio Bejar
|
|
Pitching: RHP Joe Boever
|
|
|
Batting: RHB Ramon Cardenas
|
0-0: Ball 1-0: Ground out 6-3 (Groundball, 56, EV 100.6 MPH)
|
|
Batting: RHB Patrick Rubino
|
0-0: Ball 1-0: Called Strike 1-1: SINGLE (Flyball, 8LS, EV 99.4 MPH)
|
|
Batting: SHB Philip Rossi
|
0-0: Grounds into double play, 6-4-3 (Groundball, 6M, EV 81.3 MPH)
|
| Bottom of the 9th over - 0 runs, 1 hit, 0 errors, 0 left on base; Lakeland 6 - Miami 2 |
|